 Dungeon Crawl Stone Soup version 0.28-b1-1-g3c77fb2ed1 (webtiles) character file.

Game seed: 14189519752172264160

1528 LustLizard the Cleaver (level 8, -6/106 HPs)
             Began as a Minotaur Berserker on Jan 31, 2022.
             Was a Priest of Trog.
             Mangled by a wraith (8 damage)
             ... on level 6 of the Dungeon.
             The game lasted 00:11:03 (6556 turns).

LustLizard the Cleaver (Minotaur Berserker)         Turns: 6556, Time: 00:11:03

Health: -6/106     AC: 12    Str: 21    XL:     8   Next: 55%
Magic:  7/7        EV:  6    Int:  6    God:    Trog [***...]
Gold:   299        SH:  0    Dex: 11    Spells: 7/7 levels left

rFire   . . .      SeeInvis .   p - +0 war axe
rCold   . . .      Faith    .   (no shield)
rNeg    . . .      Spirit   .   i - +0 plate armour
rPois   .          Reflect  .   (helmet restricted)
rElec   .          Harm     .   (no cloak)
rCorr   .          Rampage  .   (no gloves)
Will    .....                   h - +0 pair of boots
Stlth   ..........              (no amulet)
HPRegen 0.27/turn               A - ring of flight
MPRegen 0.10/turn               (no ring)

@: mighty, berserking, flying, slowed
A: horns 2, retaliatory headbutt
a: Renounce Religion, Berserk, Trog's Hand


You were on level 6 of the Dungeon.
You worshipped Trog.
Trog was most pleased with you.
You visited 1 branch of the dungeon, and saw 6 of its levels.

You collected 299 gold pieces.

Inventory:

Hand Weapons
 a - a +0 hand axe
 p - a +0 war axe (weapon)
Missiles
 d - 256 stones (quivered)
 m - 2 javelins
 n - 5 curare-tipped darts
 t - 10 poisoned darts
 D - 2 boomerangs
Armour
 b - a +0 animal skin
 c - a +0 leather armour
 h - a +0 pair of boots (worn)
 i - a +0 plate armour (worn)
Jewellery
 o - an amulet of faith
 A - a ring of flight (left hand)
Wands
 C - a wand of iceblast (13)
Scrolls
 e - a scroll of immolation {unknown}
 g - a scroll of teleportation
 s - 2 scrolls of enchant weapon {unknown}
 u - a scroll of torment {unknown}
 v - a scroll of silence {unknown}
 y - 2 scrolls of fog {unknown}
 z - a scroll of magic mapping {unknown}
Potions
 f - 5 potions of curing
 j - a potion of mutation
 k - a potion of brilliance
 l - a potion of ambrosia {unknown}
 q - 2 potions of flight {unknown}
 r - a potion of attraction {unknown}
 w - a potion of lignification {unknown}
 x - a potion of cancellation {unknown}
 B - 2 potions of magic {unknown}
 E - a potion of haste {unknown}


   Skills:
 + Level 6.4 Fighting
 * Level 8.2 Axes
 * Level 5.9 Throwing
 - Level 2.4 Armour
 - Level 2.1 Dodging
 * Level 3.9 Evocations


You had 7 spell levels left.
You didn't know any spells.
Your spell library was empty.

Dungeon Overview and Level Annotations

Branches:
Dungeon (6/15)             Temple (0/1) D:4

Altars:
Ru
Yredelemnul
The Shining One

Shops:
D:2 (   D:3 (   D:4 [   D:6 :**


Innate Abilities, Weirdness & Mutations

You have a pair of horns on your head.
You reflexively headbutt those who attack you in melee.


Message History

You feel as though you will be slow longer.
The wraith hits you but does no damage.
You barely miss the wraith.
The wraith is severely damaged.
The wraith hits you but does no damage. The wraith hits you!
You are too injured to fight recklessly!
Unknown command.
You hit the wraith but do no damage.
The wraith is heavily damaged.
The wraith hits you!
You barely miss the wraith. You punch the wraith, but do no damage.
The wraith is heavily damaged.
The wraith hits you.
* * * LOW HITPOINT WARNING * * *
The wraith drains your vigour!
You feel as though you will be slow longer.
The wraith hits you but does no damage.
You feel very mighty all of a sudden. The wraith hits you.
* * * LOW HITPOINT WARNING * * *
The wraith drains your vigour!
You feel as though you will be slow longer.
The wraith hits you.
* * * LOW HITPOINT WARNING * * *
The wraith drains your vigour!
You feel as though you will be slow longer.
A red film seems to cover your vision as you go berserk!
You feel yourself moving faster!
You feel mighty! The wraith hits you!
* * * LOW HITPOINT WARNING * * *
The wraith drains your vigour!
You feel as though you will be slow longer.
You hit the wraith.
You headbutt the wraith, but do no damage.
The wraith is heavily damaged.
The wraith hits you.
* * * LOW HITPOINT WARNING * * *
You slash the wraith!
The wraith is almost destroyed.
The wraith hits you!
You die...

............# ##....#######......
....#.......###..##.......##.##..
_...####...............##........
..### #.####.....####.#####.##..
....# #.#..##...##.)#.# #.##÷#
....# #.#...##.##...#.# #.##.#
....# #.##...#.#Z..##.#####.##.#
....# #..##.†#.#Ws##...........#
....# ##...###..@###...##....####
....# #........8........#.##.####
.##.###....###...###......##....#
.##..##...## +#.#+ ##...#######..
.###.....## #.# ##..# ##.
.........# ##.## #..# #.
....<....# ##...## #..# #####.
.........####.....####.## #.)...
....................... #.....


You could see a wraith, a scorpion and a howler monkey skeleton.

Vanquished Creatures
  A water moccasin (D:6)
  2 sky beasts (D:5)
  A necrophage (D:6)
  An ogre (D:3)
  2 phantoms
  5 scorpions
  A water moccasin zombie (D:6)
  A water moccasin skeleton (D:5)
  A centaur zombie (D:6)
  A hound (D:4)
  A jelly (D:5)
  An orc priest (D:5)
  A bullfrog skeleton (D:6)
  A gnoll shaman (D:5)
  Terence (D:2)
  5 iguanas
  A hound skeleton (D:4)
  6 adders
  An ufetubus (D:5)
  3 dart slugs
  13 orcs
  7 bats
  8 endoplasms
  5 giant cockroaches
  7 hobgoblins
  6 jackals
  4 kobolds
  6 quokkas
  11 ball pythons
  5 frilled lizards
  11 goblins
  4 rats
124 creatures vanquished.

Vanquished Creatures (others)
  10 plants (D:3)
10 creatures vanquished.

Grand Total: 134 creatures vanquished

Notes
Turn   | Place    | Note
-------+----------+-------------------------------------------
     0 | D:1      | LustLizard the Minotaur Berserker began the quest for the
                  | Orb.
     0 | D:1      | Reached XP level 1. HP: 19/19 MP: 0/0
    47 | D:1      | Reached skill level 4 in Axes
    93 | D:1      | Reached XP level 2. HP: 22/27 MP: 1/1
   381 | D:1      | Reached skill level 1 in Throwing
   632 | D:1      | Reached XP level 3. HP: 33/33 MP: 2/2
   693 | D:1      | Reached ** piety under Trog
  1183 | D:2      | Noticed Terence
  1198 | D:2      | Killed Terence
  1199 | D:2      | Reached XP level 4. HP: 19/40 MP: 3/3
  1354 | D:2      | Found Bioff's Weapon Shoppe.
  1862 | D:3      | Reached skill level 5 in Axes
  1923 | D:3      | Found Soum's Weapon Boutique.
  2762 | D:3      | Noticed an ogre
  2824 | D:3      | Killed an ogre
  2825 | D:3      | Reached XP level 5. HP: 41/47 MP: 4/4
  3585 | D:4      | Reached XP level 6. HP: 48/55 MP: 5/5
  3589 | D:4      | Reached *** piety under Trog
  3638 | D:4      | Reached skill level 6 in Axes
  3853 | D:4      | Found a staircase to the Ecumenical Temple.
  4027 | D:4      | Found Cexzeps's Armour Boutique.
  4030 | D:4      | Reached skill level 5 in Fighting
  4175 | D:5      | Entered Level 5 of the Dungeon
  4483 | D:5      | Noticed a sky beast
  4499 | D:5      | Killed a sky beast
  4500 | D:5      | Reached skill level 1 in Evocations
  4696 | D:5      | Reached XP level 7. HP: 58/61 MP: 6/6
  5368 | D:5      | Reached skill level 7 in Axes
  5740 | D:6      | Reached skill level 5 in Throwing
  5908 | D:6      | Found a basalt altar of Yredelemnul.
  5909 | D:6      | Found Kywkixop's General Store.
  5924 | D:6      | Found Ikaxt's Specific Store.
  5990 | D:6      | Found Qekulaol's Book Shoppe.
  6025 | D:6      | Reached XP level 8. HP: 47/70 MP: 7/7
  6316 | D:6      | Found a glowing golden altar of the Shining One.
  6316 | D:6      | Found a sacrificial altar of Ru.
  6423 | D:6      | Reached skill level 8 in Axes
  6555 | D:6      | HP: 2/106 [wraith (5)]
  6556 | D:6      | Mangled by a wraith

Illustrated notes

Levels and vault maps discovered:
D:1:      dpeg_arrival_chambers_temple_mockup, layout_basic, minmay_hexomino_c4
D:2:      layout_loops_ring, serial_shops, shop, uniq_terence
D:3:      layout_loops_ring, serial_shops, nicolae_shop_behind_doors,
          chequers_big_river
D:4:      layout_loops_ring, minmay_temple_entry_grid, serial_shops,
          nicolae_shop_waterfront
D:5:      layout_loops_cross, chequers_serial_rivers_micro_a,
          kennysheep_generic_room_12
D:6:      cheibrodos_barr_body, layout_rooms, grunt_temple_overflow_open,
          yredelemnul_altar_generic, ebering_ghost_disaster_area,
          nicolae_specific_store, kennysheep_small_circle

Skill      XL: |  1  2  3  4  5  6  7  8 |
---------------+-------------------------+-----
Axes           | 4 5 6 7 8 |  8.2
Fighting       | 4 5 6 |  6.4
Throwing       | 1 2 3 4 5 |  5.9
Evocations     | 1 2 3 |  3.9
Armour         | |  2.4
Dodging        | |  2.1

Action                   |  1- 3 |  4- 6 |  7- 9 || total
-------------------------+-------+-------+-------++-------
Melee: Hand axe          |    83 |       |       ||    83
       Headbutt          |    15 |    23 |    29 ||    67
       War axe           |    13 |   150 |   113 ||   276
       Punch             |       |     3 |     3 ||     6
Throw: Stone             |    10 |    42 |    62 ||   114
Invok: Berserk           |       |     1 |     1 ||     2
  Use: Scroll            |       |       |     4 ||     4
       Potion            |       |       |     1 ||     1
Armor: Leather armour    |    14 |       |       ||    14
       Animal skin       |     1 |       |       ||     1
       Plate armour      |    29 |    88 |    59 ||   176
Dodge: Dodged            |    40 |    54 |    25 ||   119
